Map: Acid Plant LE

Players

Optimus

  • Race: Terran Terran
  • Spawn Location: 11:00

HeRoMaRinE - Winner!

  • Race: Terran Terran
  • Spawn Location: 5:00

Event: WCS Leipzig 2018

VOD

Have the link to the VOD?

Description

Time

  • Played on: Jan. 26, 2018, 6:59 a.m.
  • Length: 8:21

All games in this series

Show
View Real Time Build Order
Export as new Build Order

Optimus Terran 

Build Orders: Reaper Expand, MMM Bio 

Get SALT Encoding   

  12  0:00  SCV  
  13  0:12  SCV  
  14  0:17  Supply Depot  
  14  0:25  SCV  
  15  0:38  SCV  
  15  0:40  Barracks  
  16  0:43  Refinery  
  16  0:50  SCV  
  17  1:04  SCV  
  18  1:16  SCV  
  19  1:27  Reaper  
  19  1:28  Orbital Command  
  20  1:40  Command Center  
  20  1:51  Supply Depot  
  20  1:53  SCV  
  21  2:00  Barracks Reactor  
  21  2:05  SCV  
  22  2:14  Refinery  
  22  2:17  SCV  
  22  2:19  Factory  
  23  2:29  SCV  
  24  2:36  Marine x2  
  26  2:41  SCV  
  27  2:51  Orbital Command  
  27  2:53  SCV  
  27  2:54  Marine x2  
  32  3:05  Starport  
  32  3:06  SCV  
  32  3:08  Cyclone  
  32  3:11  Marine x2  
  36  3:18  SCV x2  
  38  3:29  Supply Depot  
  38  3:30  SCV x2, Marine x2  
  42  3:38  Barracks  
  42  3:40  Barracks  
  42  3:41  Factory Tech Lab  
  45  3:49  SCV  
  45  3:50  SCV, Viking  
  46  3:59  Marine x2  
  46  4:00  Siege Tank  
  46  4:02  SCV  
  51  4:09  SCV  
  50  4:14  SCV  
  51  4:17  Supply Depot  
  51  4:18  Marine  
  51  4:19  Marine  
  51  4:21  SCV  
  51  4:23  Starport Reactor  
  54  4:28  Engineering Bay  
  54  4:30  Barracks Reactor  
  54  4:36  Stimpack  
  54  4:39  Marine x3  
  54  4:44  SCV x2  
  54  4:45  Factory Tech Lab  
  59  4:56  SCV, Terran Infantry Weapons Level 1, Marine  
  59  4:57  Refinery, Marine  
  59  4:58  Marine  
  62  5:00  SCV  
  62  5:03  Missile Turret  
  59  5:07  Missile Turret  
  59  5:11  Marine x2  
  62  5:18  Marine  
  62  5:20  Supply Depot  
  62  5:21  SCV  
  62  5:24  Supply Depot  
  62  5:35  Supply Depot  
  62  5:38  Barracks  
  62  5:40  Barracks  
  62  5:41  SCV x2, Medivac x2  
  68  5:44  Marine x2  
  68  5:46  Marine  
  71  5:54  SCV x2  
  71  5:55  Siege Tank  
  74  6:06  SCV x2, Marine x4  
  80  6:12  Supply Depot  
  80  6:14  Marine  
  80  6:18  SCV x2  
  83  6:23  Marine  
  83  6:24  Marine  
  85  6:33  Medivac x2  
  85  6:36  Combat Shields  
  85  6:37  Marine x2  
  85  6:38  Marine  
  91  6:40  Barracks Reactor  
  91  6:42  Barracks Reactor  
  89  6:53  Marine x2  
  88  6:55  Marine x2  
  88  6:59  Siege Tank, Marine  
  87  7:11  Marine x2  
  87  7:13  Marine x2  
  90  7:17  Marine  
  90  7:18  Marine x2  
  90  7:20  Marine  
  94  7:24  Supply Depot x2  
  94  7:27  Command Center  
  94  7:45  Marine x6, Siege Tank  
  103  7:57  Supply Depot  
Show
View Real Time Build Order
Export as new Build Order

HeRoMaRinE Terran - Winner!

Build Orders: Gas First Reaper Expand, Reaper Expand, Banshee Rush 

Get SALT Encoding   

  12  0:00  SCV  
  13  0:12  SCV  
  14  0:17  Supply Depot  
  14  0:25  SCV  
  14  0:28  Refinery  
  15  0:39  SCV  
  16  0:45  Barracks  
  16  0:51  SCV  
  17  1:03  SCV  
  18  1:15  SCV  
  19  1:33  Orbital Command, Reaper  
  20  1:49  Command Center  
  20  1:56  Factory  
  20  2:00  SCV  
  21  2:05  Barracks Reactor  
  21  2:12  Supply Depot  
  21  2:14  SCV  
  22  2:17  Refinery  
  22  2:26  SCV  
  23  2:38  SCV  
  24  2:45  Starport  
  24  2:46  Hellion  
  24  2:47  Hellion  
  24  2:50  SCV  
  29  2:58  Barracks Tech Lab  
  29  3:02  SCV, Orbital Command  
  30  3:09  Hellion  
  32  3:13  Hellion  
  32  3:16  SCV  
  35  3:28  SCV, Cloaking Field  
  35  3:31  Banshee  
  35  3:33  SCV  
  40  3:42  Marine x2  
  40  3:44  SCV  
  40  3:45  SCV, Factory Tech Lab  
  40  3:47  Supply Depot  
  44  3:53  Supply Depot  
  44  3:56  SCV  
  44  3:58  SCV  
  46  4:08  Marine x2  
  46  4:09  SCV  
  49  4:10  SCV  
  49  4:11  Supply Depot  
  49  4:14  Banshee  
  53  4:21  SCV, Siege Tank  
  53  4:22  SCV  
  58  4:26  Supply Depot  
  58  4:28  Marine x2  
  60  4:34  SCV x2  
  62  4:46  SCV x2, Command Center  
  62  4:52  Refinery x2  
  64  4:53  Marine  
  64  4:54  Marine  
  66  5:05  SCV x2  
  65  5:17  SCV x2, Starport Reactor  
  65  5:18  Barracks  
  65  5:19  Barracks  
  67  5:22  Siege Tank, Engineering Bay  
  67  5:23  Stimpack  
  67  5:24  Marine  
  67  5:25  Engineering Bay  
  71  5:31  SCV x2  
  73  5:42  Marine  
  74  5:43  SCV x2  
  76  5:54  Barracks  
  76  5:56  Barracks  
  76  5:59  Orbital Command  
  76  6:03  Marine, Siege Tank  
  82  6:05  Terran Infantry Weapons Level 1, Terran Infantry Armor Level 1  
  82  6:07  Marine  
  82  6:08  Marine  
  82  6:14  Marine x2  
  82  6:16  Starport Reactor  
  84  6:19  Supply Depot  
  84  6:20  Supply Depot  
  84  6:22  Supply Depot x2  
  84  6:25  Marine x2  
  85  6:28  Marine  
  85  6:32  Marine  
  88  6:38  Marine  
  88  6:39  Siege Tank  
  92  6:43  Marine  
  92  6:46  Marine x2  
  90  6:51  Barracks Reactor x2  
  88  6:54  Marine  
  88  6:56  Marine  
  88  7:00  Marine  
  90  7:04  Marine  
  86  7:11  Medivac x2, Siege Tank  
  86  7:14  SCV x2, Missile Turret  
  86  7:15  Orbital Command, Marine, Missile Turret  
  96  7:16  Armory, Marine x2  
  96  7:18  Marine  
  94  7:22  Missile Turret  
  94  7:26  SCV x2  
  94  7:28  Marine x2  
  94  7:29  Marine  
  98  7:30  Marine x2  
  98  7:32  Marine  
  102  7:37  Marine x3  
  102  7:44  Siege Tank  
  108  7:48  Marine  
  108  7:49  Marine x3  
  116  8:00  Sensor Tower  
  116  8:01  Marine x4  
  112  8:08  SCV x2  
Tags
 
Add a new tag
Caveats
  • Supply blocks, unpowered buildings, or Contaminate may cause inaccurate times.
  • Supply counts are checked every 10 seconds.